 Dungeon Crawl Stone Soup version 0.30.1-11-g7821555f0a (webtiles) character file.

Game seed: 2318203748457124739

603 buddhastalin the Spear-Bearer (level 7, -2/55 HPs)
             Began as a Merfolk Gladiator on Nov 11, 2023.
             Was an Initiate of Makhleb.
             Slain by an ogre
             ... wielding a +0 giant spiked club
              (13 damage)
             ... on level 5 of the Dungeon.
             The game lasted 00:12:17 (4169 turns).

buddhastalin the Spear-Bearer (Merfolk Gladiator)   Turns: 4169, Time: 00:12:18

Health: -2/55      AC: 11    Str: 14    XL:     7   Next: 42%
Magic:  7/7        EV:  8    Int: 10    God:    Makhleb [......]
Gold:   122        SH:  0    Dex: 15    Spells: 6/6 levels left

rFire   . . .        l - +2 spear (heavy)
rCold   . . .        (no shield)
rNeg    . . .        j - +0 chain mail
rPois   +            c - +1 helmet
rElec   .            (no cloak)
rCorr   .            (no gloves)
SInv    .            (no boots)
Will    +....        (no amulet) Stlth
                     s - ring of poison resistance
HPRegen 0.29/turn    v - ring of willpower
MPRegen 0.10/turn

%: no passive effects
@: no status effects
A: (nimble swimmer 2), mertail
a: Renounce Religion


You were on level 5 of the Dungeon.
You worshipped Makhleb.
Makhleb was noncommittal.
You visited 2 branches of the dungeon, and saw 6 of its levels.

You collected 251 gold pieces.
You spent 129 gold pieces at shops.

Inventory:

Hand Weapons
 a - a +0 trident
 l - a +2 heavy spear (weapon)
Missiles
 d - 4 throwing nets (quivered)
 e - a javelin
Armour
 c - a +1 helmet (worn)
 j - a +0 chain mail (worn)
Jewellery
 s - a ring of poison resistance (left hand)
 v - a ring of willpower (right hand)
Wands
 w - a wand of flame (2)
Scrolls
 b - 2 scrolls of fear {unknown}
 h - a scroll of blinking
 i - 4 scrolls of identify
 m - a scroll of enchant armour
 n - 2 scrolls of immolation {unknown}
 o - a scroll of teleportation {unknown}
 p - a scroll of silence {unknown}
 q - 2 scrolls of noise {unknown}
 r - 2 scrolls of enchant weapon {unknown}
 x - a scroll of acquirement {unknown}
 y - a scroll of brand weapon {unknown}
 z - a scroll of amnesia {unknown}
Potions
 f - 2 potions of haste
 g - 8 potions of curing
 k - a potion of might
 t - 4 potions of heal wounds
 u - a potion of lignification {unknown}


   Skills:
 + Level 4.7 Fighting
 * Level 8.2 Polearms
 - Level 2.0 Throwing
 + Level 2.4 Armour
 - Level 4.3 Dodging


You had 6 spell levels left.
You didn't know any spells.
Your spell library contained the following spells:

 Spells                   Type           Power      Damage    Failure   Level
 Beastly Appendage        Tmut           0%         N/A       99%         1
 Magic Dart               Conj           0%         1d3       99%         1
 Slow                     Hex            0%         N/A       99%         1
 Ensorcelled Hibernation  Hex/Ice        0%         N/A       100%        2
 Passwall                 Tmut/Erth      0%         N/A       100%        2
 Searing Ray              Conj           0%         2d4       100%        2
 Static Discharge         Conj/Air       0%         2-2/arc   100%        2
 Wereblood                Tmut           0%         N/A       100%        2
 Confusing Touch          Hex            0%         N/A       100%        3
 Spider Form              Tmut/Pois      0%         N/A       100%        3
 Swiftness                Air            0%         N/A       100%        3
 Vampiric Draining        Necr           0%         2d6       100%        3
 Volatile Blastmotes      Fire/Tloc      0%         2d10      100%        3
 Airstrike                Air            0%         2d(0-16)  100%        4
 Fulminant Prism          Conj/Hex       0%         3d5       100%        4
 Iskenderun's Mystic Bla  Conj/Tloc      0%         2d3       100%        4
 Summon Lightning Spire   Summ/Air       0%         N/A       100%        4
 Lee's Rapid Deconstruct  Erth           0%         3d4*      100%        5


Dungeon Overview and Level Annotations

Branches:
Dungeon (5/15)             Temple (1/1) D:4

Altars:
Ashenzari
Cheibriados
Dithmenos
Fedhas
Gozag
Hepliaklqana
Kikubaaqudgha
Makhleb
Qazlal
Ru
Trog
Uskayaw
Vehumet
Xom
Yredelemnul
The Shining One

Shops:
D:1 !   D:5 *

Annotations:
D:5 exclusion: orc wizard


Innate Abilities, Weirdness & Mutations

((You are very nimble when in or above water. (Stealth+, EV+, Speed+++)))
Your lower body shifts to a powerful aquatic tail in water.


Message History

The ogre is moderately wounded.
You hit the ogre.
The ogre is moderately wounded.
The ogre barely misses you.
You hit the ogre.
The ogre is moderately wounded.
The ogre hits you with a +0 giant spiked club!!
You puncture the ogre!
The ogre is severely wounded.
The ogre hits you with a +0 giant spiked club!!
* * * LOW HITPOINT WARNING * * *
The orc closely misses you.
You are too injured to fight recklessly!
Unknown command.
The orc attacks as you move away! The orc barely misses you.
The orc attacks as you move away! The orc hits you but does no damage.
The orc attacks as you move away! The orc barely misses you.
The orc attacks as you move away! The orc hits you with a +0 whip.
* * * LOW HITPOINT WARNING * * *
The orc attacks as you move away! The orc hits you but does no damage.
The orc attacks as you move away! The orc hits you but does no damage.
There is a large open door here.
The orc attacks as you move away! The orc closely misses you.
There is a large open door here.
Okay, then.
The orc attacks as you move away! The orc barely misses you.
The orc attacks as you move away! The orc hits you but does no damage.
The orc attacks as you move away! The orc hits you but does no damage.
The orc attacks as you move away! The orc hits you but does no damage.
The orc attacks as you move away! The orc hits you but does no damage.
The orc attacks as you move away! The orc hits you but does no damage.
The orc hits you but does no damage. The orc attacks as you move away!
The orc hits you with a +0 whip.
* * * LOW HITPOINT WARNING * * *
The ogre attacks as you move away!
The ogre hits you with a +0 giant spiked club.
* * * LOW HITPOINT WARNING * * *
The ogre attacks as you move away!
The ogre hits you with a +0 giant spiked club!
You die...

#...........##..........
#...........############
#...........#
#...........# ##
#...........# #.
#...........###########.
##>..o................'.
####.#############...#.
#.O@.# #...#. ####.#
#...#. #.####### #...#.
#.......# #...#.
#.......# #...#.
#.......# #...#.
#.......# ##
#######'####### ##..
#............# #....


You could see an ogre.

Vanquished Creatures
  A water moccasin (D:5)
  2 phantoms (D:4)
  A jelly (D:3)
  An orc priest (D:4)
  An iguana (D:4)
  Natasha (thrice) (D:4)
  4 gnolls (D:3)
  6 adders
  3 shadow imps (D:4)
  An ufetubus (D:5)
  2 worms (D:4)
  2 dart slugs (D:4)
  3 orcs
  9 bats
  6 endoplasms
  3 giant cockroaches
  4 hobgoblins
  4 quokkas
  6 ball pythons
  6 frilled lizards
  4 goblins
  5 kobolds
  5 rats
82 creatures vanquished.

Notes
Turn   | Place    | Note
-------+----------+-------------------------------------------
     0 | D:1      | buddhastalin the Merfolk Gladiator began the quest for the
                  | Orb.
     0 | D:1      | Reached XP level 1. HP: 16/16 MP: 1/1
   206 | D:1      | Reached XP level 2. HP: 23/23 MP: 2/2
   552 | D:1      | Found Peufal's Distillery.
   555 | D:1      | Bought a potion of curing for 39 gold pieces
   773 | D:2      | Reached XP level 3. HP: 28/28 MP: 3/3
   980 | D:2      | Reached skill level 5 in Polearms
  1659 | D:3      | Reached XP level 4. HP: 16/35 MP: 4/4
  2098 | D:3      | Reached skill level 1 in Armour
  2127 | D:3      | Reached XP level 5. HP: 41/41 MP: 5/5
  2153 | D:3      | Reached skill level 6 in Polearms
  2371 | D:4      | Noticed a phantom
  2385 | D:4      | Killed a phantom
  2386 | D:4      | Reached XP level 6. HP: 48/48 MP: 6/6
  2456 | D:4      | Found a transporter.
  2505 | D:4      | Found a staircase to the Ecumenical Temple.
  2510 | Temple   | Entered the Ecumenical Temple
  2668 | Temple   | Became a worshipper of Makhleb the Destroyer
  2905 | D:4      | Found a transporter.
  2952 | D:4      | Noticed Natasha
  2957 | D:4      | Killed Natasha
  2958 | D:4      | Reached skill level 7 in Polearms
  2977 | D:4      | Noticed Natasha
  2985 | D:4      | Killed Natasha
  3333 | D:4      | Noticed Natasha
  3345 | D:4      | Killed Natasha
  3346 | D:4      | Reached XP level 7. HP: 49/55 MP: 7/7
  3673 | D:5      | Entered Level 5 of the Dungeon
  3694 | D:5      | Reached skill level 8 in Polearms
  3713 | D:5      | Found Kalicahi's Assorted Antiques.
  3722 | D:5      | Bought a potion of heal wounds for 90 gold pieces
  4169 | D:5      | Slain by an ogre

Illustrated notes

Levels and vault maps discovered:
D:1:      minmay_arrival_hallway, layout_basic, serial_shops,
          nicolae_shop_hallway_stairs, minivault_4
D:2:      layout_basic, solitary_fountain
D:3:      layout_loops_corners, st_stairs_4, kennysheep_generic_room_15
D:4:      gammafunk_wand_slinger, layout_loops_corners,
          minmay_temple_entry_glassed_door, uniq_natasha
D:5:      layout_basic, tgw_sif, mainiacjoe_overflow_cross_hatched,
          serial_shops, shop
Temple:   nicolae_temple_bog_church

Skill      XL: |  1  2  3  4  5  6  7 |
---------------+----------------------+-----
Polearms       | 5 6 7 8 |  8.2
Fighting       | 3 4 |  4.7
Armour         | 1 2 |  2.4
Throwing       | |  2.0
Dodging        | |  4.3

Action                     |  1- 3 |  4- 6 |  7- 9 || total
---------------------------+-------+-------+-------++-------
  Melee: Trident           |    42 |       |       ||    42
         Spear             |    42 |   125 |    26 ||   193
         Punch             |     1 |     2 |       ||     3
  Evoke: Wand              |       |       |    19 ||    19
    Use: Scroll            |       |     6 |       ||     6
   Stab: Sleeping          |     3 |       |       ||     3
 Armour: Chain mail        |    16 |    44 |    23 ||    83
         Robe              |     6 |       |       ||     6
  Dodge: Dodged            |    35 |    37 |    16 ||    88
